 Dungeon Crawl Stone Soup version 0.22.1-2-g9c5b331383 (webtiles) character file.

66630 Jynx the Bewitcher (level 14, -5/59 HPs)
             Began as a Spriggan Enchanter on Dec 16, 2018.
             Was a High Priest of Ashenzari.
             Killed by mirror damage (36 damage)
             ... on level 13 of the Dungeon.
             The game lasted 01:15:46 (26672 turns).

Jynx the Bewitcher (Spriggan Enchanter)            Turns: 26672, Time: 01:15:48

Health: -5/59      AC:  5    Str:  4    XL:     14   Next: 79%
Magic:  24/31      EV: 33    Int: 22    God:    Ashenzari [*****.]
Gold:   2251       SH:  0    Dex: 22    Spells: 29/38 levels left

rFire    . . .     SeeInvis +   a - +2 dagger (curse)
rCold    . . .     Gourm    .   (shield restricted)
rNeg     . . .     Faith    .   b - +2 robe (curse)
rPois    .         Spirit   .   (helmet restricted)
rElec    .         Reflect  .   K - +0 cloak
rCorr    .         Harm     .   (gloves unavailable)
MR       ++...     Clarity  +   (boots unavailable)
Stlth    +++++++...             s - amulet of magic regeneration (curse)
HPRegen  0.19/turn              y - +3 ring of dexterity (curse)
MPRegen  0.47/turn              e - +3 ring of intelligence (curse)

@: very quick
A: very small, unfitting armour, antennae 1, beak, hooves 1, see invisible,
herbivore, speed 3, slow metabolism 2
a: Curse Item, Scrying, Transfer Knowledge, Renounce Religion


You were on level 13 of the Dungeon.
You worshipped Ashenzari.
Ashenzari was extremely pleased with you.
You were not hungry.

You visited 5 branches of the dungeon, and saw 23 of its levels.
You also visited: Bailey and Ice Cave.

You collected 2251 gold pieces.

Inventory:

Hand Weapons
 a - a cursed +2 dagger (weapon)
Armour
 b - a cursed +2 robe (worn)
 K - a +0 cloak (worn)
Jewellery
 e - a cursed +3 ring of intelligence (right hand)
 h - a +4 ring of protection
 j - an uncursed ring of fire
 s - a cursed amulet of magic regeneration (around neck)
 y - a cursed +3 ring of dexterity (left hand)
 z - an uncursed ring of flight
 A - an uncursed ring of fire
 E - the cursed ring of Porogueg {rC+ MR+ Int+3 SInv}
   (You acquired it on level 2 of the Orcish Mines)

   [ring of protection from cold]

   It affects your intelligence (+3).
   It protects you from cold.
   It affects your resistance to hostile enchantments.
   It lets you see invisible.
   It has a curse placed upon it.
 F - an uncursed ring of protection from magic
Wands
 f - a wand of disintegration (9)
 k - a wand of digging (12)
 p - a wand of paralysis (22)
 q - a wand of enslavement (19)
 v - a wand of polymorph (14)
 w - a wand of iceblast (14)
 J - a wand of acid (9)
 L - a wand of random effects (19)
Scrolls
 c - 11 scrolls of teleportation
 m - a scroll of blinking
 n - 5 scrolls of amnesia
 o - 5 scrolls of enchant armour
 I - a scroll of fog
 M - a scroll of magic mapping
 N - a scroll of fear
Potions
 g - 3 potions of lignification
 i - 7 potions of heal wounds
 l - 2 potions of flight
 r - 2 potions of ambrosia {unknown}
 t - 3 potions of brilliance
 u - 9 potions of magic
 x - 8 potions of curing {unknown}
 B - a potion of agility {unknown}
 C - a potion of haste {unknown}
 D - a potion of resistance {unknown}
 G - 3 potions of might
 H - 2 potions of cancellation {unknown}
Comestibles
 d - 24 rations


   Skills:
 - Level 10.6(14.3) Short Blades
 + Level 14.8 Dodging
 + Level 16.3 Stealth
 + Level 12.9 Spellcasting
 * Level 17.5(20.8) Hexes
 + Level 8.0(12.0) Evocations


You had 29 spell levels left.
You knew the following spells:

 Your Spells              Type           Power        Failure   Level  Hunger
a - Corona                Hex            #######      0%          1    None
b - Ensorcelled Hibernat  Hex/Ice        ######       1%          2    None
c - Confuse               Hex            #######.     0%          3    None
d - Tukima's Dance        Hex            #######.     0%          3    None

Your spell library contained the following spells:

 Spells                   Type           Power        Failure   Level  Hunger
 Confusing Touch          Hex            ######       0%          1    None
 Dazzling Spray           Conj/Hex       ######       1%          3    None
 Inner Flame              Hex/Fire       ######..     1%          3    None
 Spectral Weapon          Hex/Chrm       ######..     1%          3    None
 Metabolic Englaciation   Hex/Ice        ######....   1%          5    ###....
 Summon Mana Viper        Hex/Summ       ######..     1%          5    ###....
 Yara's Violent Unravell  Hex/Tmut       ######....   1%          5    ###....
 Flame Tongue             Conj/Fire      ###..        3%          1    None
 Magic Dart               Conj           ###.         3%          1    None
 Sting                    Conj/Pois      ###.         3%          1    None
 Summon Butterflies       Summ           ###.....     3%          1    None
 Throw Flame              Conj/Fire      ###...       5%          2    None
 Call Canine Familiar     Summ           ###.....     11%         3    None
 Conjure Flame            Conj/Fire      ###.....     11%         3    None
 Gell's Gravitas          Tloc           ###.......   11%         3    None
 Static Discharge         Conj/Air       ###.....     11%         3    None
 Petrify                  Tmut/Erth      ###.....     34%         4    None
 Sticky Flame             Conj/Fire      ###.....     34%         4    None
 Summon Ice Beast         Ice/Summ       ###.....     34%         4    None
 Bolt of Magma            Conj/Fire/Erth ###.......   69%         5    ###....
 Fireball                 Conj/Fire      ###.......   69%         5    ###....
 Iskenderun's Battlesphe  Conj/Chrm      ###.....     69%         5    ###....
 Venom Bolt               Conj/Pois      ###.......   69%         5    ###....
 Bolt of Fire             Conj/Fire      ###.......   99%         6    #####..
 Deflect Missiles         Chrm/Air       ###.......   99%         6    #####..
 Iron Shot                Conj/Erth      ###.......   99%         6    #####..
 Orb of Destruction       Conj           ###.......   100%        7    ######.
 Spellforged Servitor     Conj/Summ      ###.......   100%        7    ######.
 Summon Hydra             Summ           ###.......   100%        7    ######.


Dungeon Overview and Level Annotations

Branches:
Dungeon (13/15)            Temple (0/1) D:6            Lair (6/6) D:8
 Shoals (1/4) Lair:3        Snake (1/4) Lair:4        Slime (0/5) Lair:6
    Orc (2/2) D:10            Elf (0/3) Orc:2
 Vaults: D:13-14

Altars:
Ashenzari
Cheibriados
Hepliaklqana
Okawaru
Ru
Sif Muna
Trog
Wu Jian
Yredelemnul
Zin
Beogh
Jiyva

Shops:
D:4 (   D:6 *   D:7 %   Orc:2 %[*(=

Annotations:
D:3 2 transporters


Innate Abilities, Weirdness & Mutations

You are very small and have problems with some larger weapons.
You are too small for most types of armour.
You have supernaturally acute eyesight. (SInv)
You are a herbivore.
You cover ground extremely quickly.
You need to consume almost no food.
You have a pair of small antennae on your head.
You have a beak for a mouth.
You have large cloven feet.


Message History

Confirm with . or Enter, or press ? or * to list all spells.
Aiming: Confuse (safe; 0% risk of failure)
Press: ? - help, Shift-Dir - straight line, f/p - death knight
Aim: a death knight, wielding an enchanted broad axe and wearing a plate armour The death knight appears confused.
You catch the helpless kobold demonologist completely off-guard!
You stick the kobold demonologist like a pincushion!!!
You kill the kobold demonologist!
You hit the death knight but do no damage.
Your kick misses the death knight.
You hit the death knight but do no damage.
You kick the death knight, but do no damage.
You peck the death knight, but do no damage.
You strike the helpless death knight from behind!
You stick the death knight like a pincushion!!!
You kick the death knight, but do no damage.
The death knight is severely wounded.
The death knight reflects your damage back at you!
Ouch! That really hurt!
You die...

, ,, * * ,, ####* ** ** ,
, , * *...* *{ *,*, ,* *
* * #.#####♣ ∆ ,,* * ,,
** ,#......♣ _ ****, * ,
, * *** , #.....♣ *, { *
*,*,, ,, , ** #...p.♣♣ *
* **, , ,,.#. **
####.@...♣♣♣♣ * *,, ,
.....####..)........# ,
#...).)##........# * ,,
#......#.###........# * ,
, .....###.......#....##
,**
,#.#.......#..#....#..#
*,
,,..,#.####..#.###....#.,
, ,*#. *
####..........#*, *, ,
#.. #.............# , ***
, ,


You could see a death knight (confused).

Vanquished Creatures
  Saint Roka (Orc:2)
  An orc warlord (Orc:2)
  A stone giant (Orc:2)
  Nessos (Lair:4)
  Harold (D:8)
  A naga warrior (Snake:1)
  7 hydras
  2 catoblepae (Lair:6)
  Erica (Lair:2)
  The ghost of Valentain the Covert, a journeyman OpVM of Dithmenos (D:11)
  2 two-headed ogres (Orc:2)
  4 orc high priests (Orc:2)
  The ghost of Kenran the Grappler, a novice NaGl of Uskayaw (D:6)
  A skeletal warrior (D:12)
  The ghost of highc0 the Carver, a novice HuWr of Okawaru (D:7)
  The ghost of bananovenc the Blocker, a novice GrFi of Okawaru (D:7)
  The ghost of Knicklaso the Slinger, a novice HaSk of Makhleb (D:7)
  A cyclops (D:12)
  4 orc sorcerers
  4 elephants (Lair:6)
  2 gargoyles
  6 black mambas
  Psyche (D:10)
  8 spiny frogs
  A kobold demonologist (D:13)
  7 komodo dragons
  3 rime drakes
  A merfolk (Shoals:1)
  4 trolls
  5 polar bears
  4 hornets
  21 blink frogs
  4 dream sheep (Lair:6)
  Prince Ribbit (D:8)
  14 hippogriffs
  A shadow (D:12)
  A wraith (D:11)
  13 spriggans (Lair:6)
  A wyvern (Lair:3)
  3 hungry ghosts
  6 basilisks
  28 yaks
  Menkaure (D:5)
  3 wargs
  6 water moccasins
  7 porcupines
  2 ice beasts
  15 orc warriors
  3 sky beasts
  3 black bears
  4 boggarts (Lair:6)
  30 wolves
  3 phantoms
  12 ogres
  10 centaurs
  7 crocodiles
  6 big kobolds
  14 bullfrogs
  A gnoll sergeant (D:5)
  8 scorpions
  15 killer bees
  4 wights
  A howler monkey (D:6)
  3 electric eels (Lair:1)
  7 crimson imps
  3 jellies
  3 bullfrog zombies
  6 hounds
  18 orc wizards
  14 orc priests
  2 bullfrog skeletons
  A centaur skeleton (D:11)
  2 iguanas
  An iron imp (D:7)
  8 worker ants
  A bullfrog simulacrum (D:6)
  A spectral hound (D:6)
  A hound zombie (D:9)
  A hound skeleton (D:6)
  3 worker ant zombies
  10 gnolls
  15 adders
  2 shadow imps
  12 white imps (Lair:2)
  3 ufetubi
  3 adder skeletons
  2 adder zombies
  4 worms
  3 dart slugs
  10 leopard geckos
  56 orcs
  6 bats
  7 giant cockroaches
  12 goblins
  15 hobgoblins
  16 jackals
  2 quokkas
  2 ball pythons
  3 frilled lizards (D:1)
  A jackal skeleton (D:5)
  20 kobolds
  A leopard gecko skeleton (D:6)
  A leopard gecko zombie (D:8)
  6 rats
  A spectral quokka (D:6)
  A fungus (Lair:3)
616 creatures vanquished.

Vanquished Creatures (collateral kills)
  3 skeletal warriors (D:12)
  3 orc knights (Orc:2)
  17 orc warriors
  An ogre (D:10)
  A big kobold (D:10)
  2 gnoll sergeants (D:10)
  12 wights
  2 orc priests
  4 orc wizards
  9 gnolls (Bailey)
  14 orcs
  3 hobgoblins (Bailey)
  2 kobolds (Bailey)
73 creatures vanquished.

Vanquished Creatures (others)
  2 dancing weapons
  A white imp (IceCv)
  2 ufetubi (IceCv)
  30 fungi
  19 plants
54 creatures vanquished.

Grand Total: 743 creatures vanquished

Notes
Turn   | Place    | Note
-------+----------+-------------------------------------------
     0 | D:1      | Jynx the Spriggan Enchanter began the quest for the Orb.
     0 | D:1      | Reached XP level 1. HP: 9/9 MP: 5/5
   208 | D:1      | Reached XP level 2. HP: 13/13 MP: 6/6
   213 | D:1      | Reached skill level 4 in Hexes
   315 | D:1      | Learned a level 2 spell: Ensorcelled Hibernation
  1266 | D:2      | Reached XP level 3. HP: 10/16 MP: 8/8
  1522 | D:2      | You fall through a shaft!
  1800 | D:3      | Found a transporter.
  1834 | D:3      | Found a transporter.
  1842 | D:2      | Found a sacrificial altar of Ru.
  1862 | D:2      | Reached skill level 5 in Stealth
  1877 | D:2      | Found a hazy altar of Hepliaklqana.
  1878 | D:2      | Found a shattered altar of Ashenzari.
  1906 | D:2      | Became a worshipper of Ashenzari the Shackled
  2217 | D:2      | Found a glowing silver altar of Zin.
  2705 | D:3      | Reached XP level 4. HP: 21/21 MP: 9/9
  2991 | D:3      | Learned a level 3 spell: Confuse
  2995 | D:3      | Learned a level 3 spell: Tukima's Dance
  3175 | D:3      | Found a basalt altar of Yredelemnul.
  3532 | D:4      | Reached skill level 5 in Hexes
  3783 | D:4      | Reached XP level 5. HP: 24/24 MP: 7/11
  4159 | D:4      | Noticed an ogre
  4233 | D:4      | Found Plog's Weapon Shop.
  4390 | D:4      | Killed an ogre
  4390 | D:4      | Reached XP level 6. HP: 26/28 MP: 3/13
  4563 | D:4      | Found a deep blue altar of Sif Muna.
  4884 | D:4      | Gained mutation: You are frail. (-10% HP) [potion of
                  | mutation]
  4884 | D:4      | Gained mutation: Your system is resistant to poisons.
                  | (rPois) [potion of mutation]
  4884 | D:4      | Gained mutation: Your spells are a little harder to cast,
                  | but a little more powerful. [potion of mutation]
  4884 | D:4      | Gained mutation: You have large cloven feet. [potion of
                  | mutation]
  4885 | D:4      | Lost mutation: Your spells are a little harder to cast, but
                  | a little more powerful. [potion of mutation]
  4885 | D:4      | Lost mutation: Your system is resistant to poisons. (rPois)
                  | [potion of mutation]
  4885 | D:4      | Lost mutation: You are frail. (-10% HP) [potion of
                  | mutation]
  4885 | D:4      | Gained mutation: You have a beak for a mouth. [potion of
                  | mutation]
  4885 | D:4      | Gained mutation: You have a pair of small antennae on your
                  | head. [potion of mutation]
  4927 | D:5      | Entered Level 5 of the Dungeon
  4927 | D:5      | Noticed an ice beast
  5101 | D:5      | Reached skill level 6 in Hexes
  5157 | D:5      | Reached skill level 5 in Dodging
  5171 | D:5      | Killed an ice beast
  5171 | D:5      | Reached XP level 7. HP: 32/32 MP: 6/14
  5374 | D:5      | Found an ornate altar of the Wu Jian Council.
  5439 | D:5      | Noticed Menkaure
  5446 | D:5      | Killed Menkaure
  5446 | D:5      | Reached skill level 5 in Spellcasting
  5446 | D:5      | Reached skill level 7 in Hexes
  5452 | D:5      | Reached XP level 8. HP: 36/36 MP: 16/16
  5821 | D:5      | Reached skill level 8 in Hexes
  6170 | D:6      | Identified the Almanac of Talismans and Confrontation
  6333 | D:6      | Found an iron altar of Okawaru.
  6340 | D:6      | Reached * piety under Ashenzari
  6435 | D:6      | Found Gustraw's General Store.
  6459 | D:6      | Found a runed gate.
  6459 | D:6      | Found a runed gate.
  6512 | D:6      | Found a staircase to the Ecumenical Temple.
  6714 | D:6      | Found a runed gate.
  6719 | D:6      | Noticed Kenran's ghost (novice NaGl)
  6866 | D:6      | Killed Kenran's ghost
  6866 | D:6      | Reached skill level 5 in Short Blades
  6866 | D:6      | Reached skill level 9 in Hexes
  6866 | D:6      | Reached XP level 9. HP: 38/39 MP: 14/19
  7042 | D:7      | Found a runed gate.
  7042 | D:7      | Found a runed gate.
  7042 | D:7      | Found a runed gate.
  7042 | D:7      | Noticed Knicklaso's ghost (novice HaSk)
  7043 | D:7      | Noticed highc0's ghost (novice HuWr)
  7043 | D:7      | Noticed bananovenc's ghost (novice GrFi)
  7073 | D:7      | Killed Knicklaso's ghost
  7092 | D:7      | Killed bananovenc's ghost
  7092 | D:7      | Reached skill level 10 in Hexes
  7114 | D:7      | Killed highc0's ghost
  7114 | D:7      | Reached skill level 10 in Stealth
  7410 | D:7      | Reached XP level 10. HP: 25/44 MP: 15/22
  8060 | D:7      | Found Qiejikh's Food Boutique.
  8113 | D:7      | Found a snail-covered altar of Cheibriados.
  8316 | D:8      | Found a bloodstained altar of Trog.
  8383 | D:8      | Reached skill level 11 in Hexes
  8532 | D:8      | Noticed Prince Ribbit
  8539 | D:8      | Killed Prince Ribbit
  8807 | D:8      | Found a staircase to the Lair.
  8861 | D:8      | Noticed Harold
  9143 | D:8      | Killed Harold
  9169 | Lair:1   | Entered Level 1 of the Lair of Beasts
  9175 | Lair:1   | Noticed a spiny frog
  9176 | Lair:1   | Reached ** piety under Ashenzari
  9189 | Lair:1   | Killed a spiny frog
  9333 | Lair:1   | Noticed an eight-headed hydra
  9366 | Lair:1   | Reached skill level 10 in Dodging
  9520 | Lair:1   | Killed an eight-headed hydra
  9520 | Lair:1   | Reached skill level 12 in Hexes
  9544 | Lair:1   | Reached XP level 11. HP: 22/47 MP: 7/24
 11553 | Lair:2   | Found a frozen archway.
 11915 | IceCv    | Entered an ice cave
 12243 | Lair:2   | Noticed an eight-headed hydra
 12257 | Lair:2   | Killed an eight-headed hydra
 12257 | Lair:2   | Reached skill level 13 in Hexes
 12396 | Lair:2   | Noticed Erica
 12400 | Lair:2   | Noticed a six-headed hydra
 12410 | Lair:2   | Killed Erica
 12425 | Lair:2   | Killed a six-headed hydra
 12580 | Lair:2   | Found the +8 Wrath of Trog {antimagic, *Rage}
 12806 | Lair:3   | Reached *** piety under Ashenzari
 12828 | Lair:3   | Reached skill level 10 in Spellcasting
 12828 | Lair:3   | Reached XP level 12. HP: 51/51 MP: 13/27
 13159 | Lair:3   | Found a staircase to the Shoals.
 13197 | Lair:3   | Reached skill level 14 in Hexes
 13882 | Lair:4   | Found a staircase to the Snake Pit.
 13934 | Lair:4   | Noticed an eight-headed hydra
 13941 | Lair:4   | Killed an eight-headed hydra
 14147 | Lair:4   | Noticed Nessos
 14177 | Lair:4   | Killed Nessos
 14216 | Lair:4   | Found a glowing silver altar of Zin.
 14685 | Lair:5   | Reached **** piety under Ashenzari
 14985 | Lair:5   | Reached skill level 15 in Hexes
 15257 | Lair:6   | Entered Level 6 of the Lair of Beasts
 15257 | Lair:6   | Noticed a six-headed hydra
 15270 | Lair:6   | Killed a six-headed hydra
 15370 | Lair:6   | Noticed a catoblepas
 15384 | Lair:6   | Killed a catoblepas
 15384 | Lair:6   | Reached skill level 1 in Evocations
 15405 | Lair:6   | Reached XP level 13. HP: 55/55 MP: 17/29
 15488 | Lair:6   | Reached skill level 10 in Short Blades
 15718 | Lair:6   | Found a viscous altar of Jiyva.
 15718 | Lair:6   | Found a staircase to the Slime Pits.
 17299 | Lair:6   | Identified the +4 chain mail of Ximomn {rPois Str-2 Int+4
                  | Stlth+}
 17591 | D:4      | Identified Sif Muna's Tome of Conjuration
 17821 | D:9      | Reached skill level 16 in Hexes
 17852 | D:9      | Reached skill level 15 in Stealth
 18529 | D:10     | Entered Level 10 of the Dungeon
 18568 | D:10     | Reached skill level 5 in Evocations
 18839 | D:10     | Noticed Psyche
 18854 | D:10     | Killed Psyche
 18865 | D:10     | Found a flagged portal.
 18877 | Bailey   | Entered a bailey
 19400 | D:10     | Reached ***** piety under Ashenzari
 20006 | D:10     | Found a staircase to the Orcish Mines.
 20488 | D:11     | Found a runed door.
 20489 | D:11     | Noticed Valentain's ghost (journeyman OpVM)
 20705 | D:11     | Killed Valentain's ghost
 20705 | D:11     | Reached XP level 14. HP: 59/59 MP: 29/31
 21775 | Orc:1    | Entered Level 1 of the Orcish Mines
 22278 | Orc:2    | Entered Level 2 of the Orcish Mines
 22278 | Orc:2    | Noticed Saint Roka
 22487 | Orc:2    | Killed Saint Roka
 22633 | Orc:2    | Found a staircase to the Elven Halls.
 22817 | Orc:2    | Noticed a stone giant
 22824 | Orc:2    | Killed a stone giant
 22936 | Orc:2    | Found Mekh's Food Boutique.
 22965 | Orc:2    | Found a roughly hewn altar of Beogh.
 23170 | Orc:2    | Identified the +6 mace "Uxtibaej" {flame, rC+ Int+3}
 23873 | Orc:2    | Reached skill level 17 in Hexes
 23948 | Orc:2    | Noticed an orc warlord
 24293 | Orc:2    | Killed an orc warlord
 24592 | Orc:2    | Found Osuwn's General Store.
 24593 | Orc:2    | Found Pacri's Jewellery Shoppe.
 24594 | Orc:2    | Found Efoculon's Antique Armour Emporium.
 24594 | Orc:2    | Found Zil Raa's Antique Weapon Emporium.
 24683 | Orc:2    | Identified a scroll of acquirement
 24683 | Orc:2    | Identified the cursed ring of Porogueg {rC+ MR+ Int+3 SInv}
                  | (You acquired it on level 2 of the Orcish Mines)
 24841 | D:8      | Identified the +4 chain mail of Ximomn {rPois Str-2 Int+4
                  | Stlth+}
 24952 | Snake:1  | Entered Level 1 of the Snake Pit
 25342 | Shoals:1 | Entered Level 1 of the Shoals
 26388 | D:12     | Identified the +7 ring mail "Faod" {Regen+}
 26672 | D:13     | Killed by mirror damage

Skill      XL: |  1  2  3  4  5  6  7  8  9 10 11 12 13 14 |
---------------+-------------------------------------------+-----
Hexes          | 4 5 6 7 9 10 12 13 15 16 17 | 17.5
Spellcasting   | 3 4 5 6 7 8 10 11 12 | 12.9
Stealth        | 5 6 7 8 10 11 12 14 15 16 | 16.3
Short Blades   | 2 3 4 5 6 7 8 9 10 | 10.6
Dodging        | 4 5 6 7 8 10 11 12 13 14 | 14.8
Evocations     | 1 5 8 |  8.0

Action                   |  1- 3 |  4- 6 |  7- 9 | 10-12 | 13-15 || total
-------------------------+-------+-------+-------+-------+-------++-------
Melee: Dagger            |   167 |   234 |   197 |   705 |  1455 ||  2758
       Kick              |       |     5 |    36 |   186 |   429 ||   656
       Peck              |       |     1 |    38 |   141 |   290 ||   470
 Cast: Corona            |     7 |     1 |       |     1 |       ||     9
       Ensorcelled Hiber |    13 |    16 |    11 |     1 |       ||    41
       Confuse           |       |    11 |    30 |   174 |   331 ||   546
       Tukima's Dance    |       |     4 |       |     1 |    62 ||    67
Invok: Curse Item        |       |       |       |     2 |     3 ||     5
       Scrying           |       |       |       |       |     1 ||     1
 Abil: Evoke Flight      |       |       |       |       |     1 ||     1
  Use: Scroll            |     8 |     2 |     4 |     5 |     6 ||    25
       Potion            |       |     2 |       |     1 |       ||     3
 Stab: Sleeping          |    22 |    16 |    23 |    28 |    26 ||   115
       Confused          |       |     4 |    24 |   129 |   215 ||   372
       Distracted        |       |     1 |     2 |     1 |     4 ||     8
  Eat: Ration            |       |     2 |     2 |     4 |     7 ||    15
Armor: Robe              |    26 |    18 |    11 |    17 |    39 ||   111
Dodge: Dodged            |   144 |   189 |   100 |   477 |   912 ||  1822
